AoeStats
← .ebz

Arena

506590106Analyzed
4v4 RM · 19d ago on Sep 14, 2026· 41m 5s· 8 players
Game mode
Random Map
Map size
Large (8 player)
Population
200
Speed
Normal
Resources
Standard
Victory
Conquest
Starting age
Dark Age
Ending age
Imperial Age
RankedLock teamsTeams togetherTeam positionsShared explorationLock speedFull tech treeHidden civsTurbo modeCheats
Victory
Defeat
🇵🇪 Spanish · Peru
1173
+14
🇲🇽 Vikings · Mexico
1157
+15
🇲🇽 Mongols · Mexico
1042
+20
🇲🇽 Goths · Mexico
941
+23
🇹🇷 Magyars · Türkiye
1133
-18
🇵🇱 Bulgarians · Poland
1127
-18
🇹🇼 Mongols · Taiwan
1122
-18
🇲🇽 Hindustanis · Mexico
1112
-18
.ebz
5:09 Loom
11:44 Feudal Age
15:56 Castle Age
14:38 Fletching
17:54 Town Watch
34:22 Wheelbarrow
35:06 Bodkin Arrow
35:21 Forging
plesae963
3:25 Loom
11:29 Feudal Age
15:45 Castle Age
14:13 Scale Barding Armor
15:34 Bloodlines
15:16 Double-Bit Axe
22:30 Bow Saw
25:03 Horse Collar
26:35 Wheelbarrow
30:07 Hand Cart
32:42 Imperial Age
31:18 Coinage
31:22 Heavy Plow
32:12 Gold Mining
32:31 Husbandry
33:55 Drill
33:08 Heavy Scorpion
34:39 Elite Steppe Lancer
35:39 Forging
36:23 Capped Ram
37:05 Town Watch
37:57 Iron Casting
37:43 Chain Barding Armor
37:45 Ballistics
40:58 Blast Furnace
Dr. Watson
6:21 Loom
10:12 Feudal Age
10:43 Double-Bit Axe
18:03 Castle Age
17:38 Gold Mining
17:41 Stone Mining
17:33 Horse Collar
18:09 Scale Barding Armor
23:43 Fletching
25:26 Padded Archer Armor
26:24 Bow Saw
26:42 Corvinian Army
29:01 Chain Barding Armor
29:05 Husbandry
30:06 Heavy Plow
30:37 Bodkin Arrow
30:59 Leather Archer Armor
31:36 Wheelbarrow
33:01 Bloodlines
35:37 Imperial Age
33:45 Scale Mail Armor
36:15 Thumb Ring
36:21 Murder Holes
38:16 Ballistics
38:03 Siege Engineers
38:40 Conscription
39:34 Cavalier
oOoOo_oO
10:51 Feudal Age
11:17 Loom
11:56 Loom
12:01 Double-Bit Axe
13:10 Loom
16:10 Castle Age
14:03 Double-Bit Axe
14:22 Horse Collar
16:10 Scale Barding Armor
16:50 Bloodlines
18:24 Wheelbarrow
20:56 Town Watch
21:53 Chain Barding Armor
22:55 Husbandry
24:18 Forging
25:20 Heavy Plow
26:52 Iron Casting
29:40 Bow Saw
31:14 Gold Mining
32:32 Gold Shaft Mining
35:54 Squires
35:16 Man-at-Arms
LeGerKy (Calabacin)
0:31 Loom
11:03 Feudal Age
11:29 Double-Bit Axe
11:25 Horse Collar
18:24 Castle Age
17:27 Scale Mail Armor
17:37 Forging
17:49 Gold Mining
17:55 Stone Mining
22:17 Heavy Plow
22:36 Fervor
25:13 Wheelbarrow
26:51 Fletching
31:08 Imperial Age
29:32 Iron Casting
30:03 Anarchy
30:26 Town Watch
31:10 Bow Saw
31:50 Chain Mail Armor
31:39 Squires
31:32 Pikeman
32:16 Halberdier
33:37 Ballistics
34:43 Blast Furnace
35:54 Chemistry
34:50 Murder Holes
36:14 Perfusion
37:59 Stone Shaft Mining
40:35 Two-Man Saw
39:40 Elite Huskarl
mictlantecuhtli
7:08 Loom
9:26 Feudal Age
12:56 Fletching
22:57 Castle Age
25:09 Bodkin Arrow
31:35 Horse Collar
31:41 Double-Bit Axe
35:30 Scale Barding Armor
36:57 Chain Barding Armor
36:50 Light Cavalry
39:49 Forging
EsquedaKING
13:20 Feudal Age
18:11 Castle Age
17:41 Fletching
17:51 Padded Archer Armor
25:17 Bodkin Arrow
25:37 Leather Archer Armor
BabyWondeR
11:03 Feudal Age
16:32 Castle Age
14:39 Double-Bit Axe
14:54 Horse Collar
15:57 Gold Mining
17:19 Heavy Plow
20:16 Fletching
21:45 Loom
22:39 Wheelbarrow
25:35 Bow Saw
31:22 Imperial Age
28:38 Town Watch
29:19 Scale Mail Armor
29:30 Forging
29:45 Stone Mining
30:25 Chain Mail Armor
29:34 Pikeman
30:00 Arson
31:10 Hand Cart
31:33 Iron Casting
31:21 Ballistics
31:10 Squires
31:34 Halberdier
32:45 Plate Mail Armor
32:34 Bodkin Arrow
32:20 Capped Ram
34:04 Blast Furnace
35:56 Chemistry
35:19 Bracer
35:10 Man-at-Arms
35:36 Gambesons
35:53 Padded Archer Armor
35:58 Scale Barding Armor
37:47 Two-Man Saw
37:24 Stone Shaft Mining
37:05 Masonry
37:17 Bombard Tower
37:32 Murder Holes
38:18 Supremacy
38:19 Conscription
38:36 Hoardings
37:35 Cavalier
38:15 Husbandry
38:26 Bloodlines
38:51 Light Cavalry
39:53 Chain Barding Armor
Connection lost

Rejoining the realm…

Still unreachable

The connection could not be restored.

Session expired

The server has moved on; the page needs a fresh start.